 Dungeon Crawl Stone Soup version 0.31-a0-963-ga325b2283a (webtiles) character file.

Game seed: 11083365695641418466

105 lessens the Ducker (level 4, -4/38 HPs)
             Began as a Gnoll Gladiator on Oct 24, 2023.
             Was an Initiate of Qazlal.
             Killed by nerve-wracking pain
             ... invoked by an orc priest
              (8 damage)
             ... on level 3 of the Dungeon.
             The game lasted 00:02:35 (2076 turns).

lessens the Ducker (Gnoll Gladiator)                Turns: 2076, Time: 00:02:36

Health: -4/38      AC:  5    Str: 16    XL:     4   Next: 81%
Magic:  5/5        EV: 14    Int:  7    God:    Qazlal [......]
Gold:   229        SH:  0    Dex: 13    Spells: 5/5 levels left

rFire   . . .        v - +1 whip (elec)
rCold   . . .        (no shield)
rNeg    . . .        b - +0 leather armour
rPois   .            c - +0 helmet
rElec   .            (no cloak)
rCorr   .            (no gloves)
SInv    .            h - +0 pair of boots
Will    .....        x - amulet of the acrobat
Stlth   +            (no ring)
HPRegen 0.26/turn    (no ring)
MPRegen 0.09/turn

%: acrobat
@: no status effects
A: fangs 1, strong nose, distributed training
a: Renounce Religion


You were on level 3 of the Dungeon.
You worshipped Qazlal.
Qazlal was noncommittal.
You visited 1 branch of the dungeon, and saw 4 of its levels.

You collected 229 gold pieces.

Inventory:

Hand Weapons
 a - a +0 war axe
 v - a +1 whip of electrocution (weapon)
Missiles
 d - 3 throwing nets (quivered)
 e - a javelin
 l - 25 stones
 o - 2 poisoned darts
Armour
 b - a +0 leather armour (worn)
 c - a +0 helmet (worn)
 h - a +0 pair of boots (worn)
Jewellery
 n - a ring of fire
 p - a ring of magical power
 t - an amulet of magic regeneration
 w - a ring of resist corrosion
 x - an amulet of the acrobat (around neck)
Scrolls
 f - a scroll of fog {unknown}
 g - 3 scrolls of blinking {unknown}
 i - a scroll of enchant armour {unknown}
 k - 2 scrolls of brand weapon {unknown}
 m - a scroll of poison {unknown}
 q - a scroll of silence {unknown}
 r - a scroll of revelation {unknown}
 s - a scroll of amnesia {unknown}
Potions
 j - a potion of curing
 z - a potion of mutation {unknown}


   Skills:
 + Level 4.7 Fighting
 + Level 1.2 Short Blades
 + Level 1.2 Long Blades
 + Level 6.6 Axes
 + Level 1.2 Maces & Flails
 + Level 1.2 Polearms
 + Level 1.2 Staves
 + Level 1.2 Ranged Weapons
 + Level 4.7 Throwing
 + Level 1.2 Armour
 + Level 6.6 Dodging
 + Level 1.2 Stealth
 + Level 1.2 Shields
 + Level 1.2 Unarmed Combat
 + Level 1.2 Spellcasting
 + Level 1.0 Conjurations
 + Level 1.0 Hexes
 + Level 1.0 Summonings
 + Level 1.0 Necromancy
 + Level 1.0 Translocations
 + Level 1.0 Transmutations
 + Level 1.0 Fire Magic
 + Level 1.0 Ice Magic
 + Level 1.0 Air Magic
 + Level 1.0 Earth Magic
 + Level 1.0 Poison Magic
 + Level 1.4 Invocations
 + Level 1.2 Evocations
 + Level 1.1 Shapeshifting


You had 5 spell levels left.
You didn't know any spells.
Your spell library contained the following spells:

 Spells                   Type           Power      Damage    Failure   Level
 Apportation              Tloc           2%         N/A       32%         1
 Kiss of Death            Conj/Necr      4%         2d5       32%         1
 Magic Dart               Conj           4%         1d3       32%         1
 Call Imp                 Summ           2%         N/A       45%         2
 Jinxbite                 Hex            2%         N/A       45%         2
 Searing Ray              Conj           2%         2d4       45%         2
 Confusing Touch          Hex            1%         N/A       69%         3
 Mephitic Cloud           Conj/Pois/Air  1%         N/A       69%         3
 Dispel Undead            Necr           1%         3d6       97%         4
 Fulminant Prism          Conj/Hex       0%         3d5       97%         4
 Alistair's Intoxication  Tmut/Pois      0%         N/A       100%        5


Dungeon Overview and Level Annotations

Branches:
Dungeon (4/15) Zot: 21895
 Temple: D:4-7

Altars:
Qazlal


Innate Abilities, Weirdness & Mutations

You have very sharp teeth.
Your uncanny sense of smell can sniff out nearby items.
Your experience applies equally to all skills.


Message History

You see here a +0 dagger.
z - a metallic blue potion Done exploring.
Done exploring.
There is a stone staircase leading down here.
You climb downwards.
The orc priest shouts! x2
There is a stone staircase leading up here.
There are monsters nearby!
You closely miss the orc priest. The orc priest barely misses you.
An orc wizard comes into view. It is wielding a +0 dagger.
You hit the orc priest. Your bite misses the orc priest.
The orc priest is moderately wounded.
The orc priest invokes the aid of Beogh against you.
Pain shoots through your body! The orc hits you with a +0 whip.
The orc priest hits you with a +0 mace. The orc priest barely misses you.
The orc barely misses you.
The orc wizard casts a spell.
The orc wizard flickers and vanishes!
Deactivating autopickup; reactivate with Ctrl-A.
You climb upwards.
Reactivating autopickup.
There is a stone staircase leading down here.
You hit the orc priest.
The orc priest is heavily wounded.
The orc priest mumbles some strange prayers to Beogh against you.
Beogh smites you!
* * * LOW HITPOINT WARNING * * *
The orc priest closely misses you. The orc barely misses you.
It was a potion of curing.
You feel better.
The orc priest hits you with a +0 hand axe.
The orc priest invokes the aid of Beogh against you.
Beogh smites you!
* * * LOW HITPOINT WARNING * * *
The orc closely misses you.
It was a potion of magic.
Magic courses through your body. The orc priest closely misses you.
The orc priest mumbles some strange prayers to Beogh against you.
Pain shoots through your body!
You die...

..##...#######.## #..............
...#...# ### #..###..............
#..#...#######...................
#.##.#...'_'...####..............
..#..#.###'###.# #..............
....)#.# #.# #.####..............
##...#)###.###..##..#.....##.....
####.#.........ooo.....##########
#..........##...@..)...#
#......................#
#......................#
............#.........<#
#..........#######.##### #######
#..................### #......
#..........###...#...######......
...........##....##......##......
.................##..###.........


You could see 2 orc priests and an orc.

Vanquished Creatures
  4 adders
  A worm (D:2)
  A dart slug (D:2)
  7 bats
  10 endoplasms
  2 giant cockroaches
  5 goblins
  5 hobgoblins
  A jackal (D:3)
  4 quokkas
  4 ball pythons
  5 frilled lizards
  9 kobolds
  2 rats (D:3)
60 creatures vanquished.

Notes
Turn   | Place    | Note
-------+----------+-------------------------------------------
     0 | D:1      | lessens the Gnoll Gladiator began the quest for the Orb.
     0 | D:1      | Reached XP level 1. HP: 20/20 MP: 1/1
   190 | D:1      | Reached XP level 2. HP: 25/26 MP: 2/2
   524 | D:1      | Reached XP level 3. HP: 27/31 MP: 3/3
   661 | D:1      | Reached skill level 1 in Invocations
  1017 | D:2      | Reached skill level 1 in Short Blades
  1017 | D:2      | Reached skill level 1 in Long Blades
  1017 | D:2      | Reached skill level 1 in Maces & Flails
  1017 | D:2      | Reached skill level 1 in Polearms
  1017 | D:2      | Reached skill level 1 in Staves
  1017 | D:2      | Reached skill level 1 in Ranged Weapons
  1017 | D:2      | Reached skill level 1 in Armour
  1017 | D:2      | Reached skill level 1 in Stealth
  1017 | D:2      | Reached skill level 1 in Shields
  1017 | D:2      | Reached skill level 1 in Unarmed Combat
  1017 | D:2      | Reached skill level 1 in Spellcasting
  1017 | D:2      | Reached skill level 1 in Evocations
  1114 | D:2      | Reached XP level 4. HP: 38/38 MP: 5/5
  1123 | D:2      | Reached skill level 1 in Shapeshifting
  1537 | D:3      | Reached skill level 1 in Conjurations
  1537 | D:3      | Reached skill level 1 in Hexes
  1537 | D:3      | Reached skill level 1 in Summonings
  1537 | D:3      | Reached skill level 1 in Necromancy
  1537 | D:3      | Reached skill level 1 in Translocations
  1537 | D:3      | Reached skill level 1 in Transmutations
  1537 | D:3      | Reached skill level 1 in Fire Magic
  1537 | D:3      | Reached skill level 1 in Ice Magic
  1537 | D:3      | Reached skill level 1 in Air Magic
  1537 | D:3      | Reached skill level 1 in Earth Magic
  1537 | D:3      | Reached skill level 1 in Poison Magic
  1583 | D:3      | Found a faded altar of an unknown god.
  1894 | D:3      | Found a stormy altar of Qazlal.
  1926 | D:3      | Became a worshipper of Qazlal Stormbringer
  2076 | D:3      | Killed from afar by an orc priest

Illustrated notes

Levels and vault maps discovered:
D:1:      minmay_arrival_hallway, layout_loops_ring, minmay_gold_behind_fungi,
          serial_bayou_pond_b, minivault_14, hangedman_decor_points,
          minmay_tiny_reverse_x
D:2:      layout_rooms
D:3:      layout_rooms, lemuel_doored_altar,
          chequers_ecumenical_altar_simple_redux, hangedman_decor_push,
          minmay_close_crescents
D:4:      cheibrodos_greedy_goblins, layout_loops_ring,
          mainiacjoe_overflow_six_doors_small, pdpol_wu_jian_five_deadly_venoms

Skill      XL: |  1  2  3  4 |
---------------+-------------+-----
Invocations    | 1 |  1.4
Short Blades   | 1 |  1.2
Long Blades    | 1 |  1.2
Maces & Flails | 1 |  1.2
Polearms       | 1 |  1.2
Staves         | 1 |  1.2
Ranged Weapons | 1 |  1.2
Armour         | 1 |  1.2
Stealth        | 1 |  1.2
Shields        | 1 |  1.2
Unarmed Combat | 1 |  1.2
Spellcasting   | 1 |  1.2
Evocations     | 1 |  1.2
Shapeshifting  | 1 |  1.1
Conjurations   | 1 |  1.0
Hexes          | 1 |  1.0
Summonings     | 1 |  1.0
Necromancy     | 1 |  1.0
Translocations | 1 |  1.0
Transmutations | 1 |  1.0
Fire Magic     | 1 |  1.0
Ice Magic      | 1 |  1.0
Air Magic      | 1 |  1.0
Earth Magic    | 1 |  1.0
Poison Magic   | 1 |  1.0
Fighting       | |  4.7
Axes           | |  6.6
Throwing       | |  4.7
Dodging        | |  6.6

Action                     |  1- 3 |  4- 6 || total
---------------------------+-------+-------++-------
  Melee: War axe           |   105 |    11 ||   116
         Punch             |     2 |       ||     2
         Bite              |     7 |     4 ||    11
         Whip              |       |    44 ||    44
    Use: Potion            |       |     2 ||     2
   Stab: Sleeping          |     1 |       ||     1
 Armour: Leather armour    |    50 |    32 ||    82
  Dodge: Dodged            |    77 |    61 ||   138

Table legend: (Time is in decaauts)
 A = Elapsed time spent in this place.
 B = Non-inter-level travel time spent in this place.
 C = Inter-level travel time spent in this place.
 D = Time resting spent in this place.
 E = Time spent auto-exploring this place.
 F = Levels seen in this place.
 G = Mean time per level.
                   A        B        C        D        E       F      G
               +--------+--------+--------+--------+--------+-----+--------+
         Total |   2103 |   2062 |     41 |      0 |   1613 |   4 |  525.8 |
       Dungeon |   2103 |   2062 |     41 |      0 |   1613 |   4 |  525.8 |
               +--------+--------+--------+--------+--------+-----+--------+

Top non-repeatable levels by time:
     D:1: 910 daAuts
     D:3: 692 daAuts
     D:2: 496 daAuts
     D:4: 3 daAuts

Levels and vault maps discovered:
D:1:      minmay_arrival_hallway, layout_loops_ring, minmay_gold_behind_fungi,
          serial_bayou_pond_b, minivault_14, hangedman_decor_points,
          minmay_tiny_reverse_x
D:2:      layout_rooms
D:3:      layout_rooms, lemuel_doored_altar,
          chequers_ecumenical_altar_simple_redux, hangedman_decor_push,
          minmay_close_crescents
D:4:      cheibrodos_greedy_goblins, layout_loops_ring,
          mainiacjoe_overflow_six_doors_small, pdpol_wu_jian_five_deadly_venoms
